Construct Section Command Post
Construct Platoon Command Post
Construct Platoon Command Post
Construct Field Infirmary
Construct Platoon Command Post
Selects Canadian Shock Battlegroup
Selects Canadian Shock Section
Selects Incendiary Munitions
6-pounder Anti-tank Gun Team
Construct Company Command Post
6-pounder Anti-tank Gun Team
Selects Churchill Crocodile Heavy Tank
Churchill Crocodile Heavy Tank
Unlock M3 Grant Medium Tanks